 Dungeon Crawl Stone Soup version 0.31-a0-4-gefa6de2278 (webtiles) character file.

Game seed: 10690715357136660056

220950 jasper the Earth Mage (level 18, -15/96 HPs)
             Began as a Spriggan Conjurer on May 4, 2023.
             Was the Champion of Vehumet.
             Blown up by an orb spider (49 damage)
             ... with an orb of destruction
             ... on level 4 of the Spider Nest.
             The game lasted 01:37:34 (37041 turns).

jasper the Earth Mage (Spriggan Conjurer)          Turns: 37041, Time: 01:37:35

Health: -15/96     AC:  6    Str:  3    XL:     18   Next: 49%
Magic:  26/35      EV: 29    Int: 34    God:    Vehumet [******]
Gold:   248        SH:  0    Dex: 20    Spells: 11/41 levels left

rFire   + . .        a - staff of conjuration "Woafutes" {Dex+5}
rCold   + . .        (shield currently unavailable)
rNeg    . . .        J - +2 robe {Archmagi}
rPois   +            Q - +2 hat
rElec   .            t - scarf {rC+ rF+}
rCorr   .            (gloves unavailable)
SInv    +            (boots unavailable)
Will    +++..        h - amulet of magic regeneration
Stlth   +++          w - ring "Onkol" {rPois Int+2 SInv}
HPRegen 0.36/turn    r - +6 ring of intelligence
MPRegen 0.64/turn

%: archmagi
@: studying Short Blades, very quick
A: very small, no large weapons, unfitting armour, see invisible, speed 3
}: 1/15 runes: barnacled
a: Renounce Religion


You were on level 4 of the Spider Nest.
You worshipped Vehumet.
Vehumet was exalted by your worship.
You visited 6 branches of the dungeon, and saw 31 of its levels.
You also visited: Gauntlet and Ice Cave.

You collected 3834 gold pieces.
You spent 3586 gold pieces at shops.

Inventory:

Missiles
 G - 4 curare-tipped darts
 H - 6 throwing nets
Armour
 o - a +2 cloak of preservation
 t - a scarf of resistance (worn)
 y - the scarf of the Gloaming {+Inv, rC- rN++ Str+2 Slay+3}
   (You acquired it on level 6 of the Dungeon)

   Str:       It affects your strength (+2).
   Slay:      It affects your accuracy & damage with ranged weapons and melee
   (+3).
   rC:        It makes you vulnerable to cold.
   rN:        It greatly protects you from negative energy.
 J - a +2 robe of the Archmagi (worn)
 Q - a +2 hat (worn)
Magical Staves
 a - the staff of conjuration "Woafutes" (weapon) {Dex+5}
   (You found it on level 1 of the Lair of Beasts)

   [staff of conjuration]

   Base accuracy: +5 Base damage: 5 Base attack delay: 1.2 This weapon's minimum
   attack delay (0.6) is reached at skill level 12.
   Dex:       It affects your dexterity (+5).
   It falls into the 'Staves' category.
   It is a two-handed weapon.
 E - a staff of earth
Jewellery
 g - the ring of Prescription {rF- rC++ rN+ Int+2}
   (You bought it in a shop on level 2 of the Orcish Mines)

   [ring of positive energy]

   Int:       It affects your intelligence (+2).
   rF:        It makes you vulnerable to fire.
   rC:        It greatly protects you from cold.
   rN:        It protects you from negative energy.
 h - an amulet of magic regeneration (around neck)
 i - a ring of willpower
 p - the ring of the Hare {EV+10}
   (You took it off a minotaur in a Gauntlet)

   [ring of evasion]

   EV:        It affects your evasion (+10).
 r - a +6 ring of intelligence (right hand)
 w - the ring "Onkol" (left hand) {rPois Int+2 SInv}
   (You bought it in a shop on level 2 of the Orcish Mines)

   [ring of poison resistance]

   Int:       It affects your intelligence (+2).
   rPois:     It protects you from poison.
   SInv:      It lets you see invisible.
 B - a ring of ice
 O - a ring of flight
 R - a ring of willpower
Wands
 c - a wand of polymorph (16)
 j - a wand of paralysis (47)
 L - a wand of mindburst (39)
 N - a wand of flame (26)
 U - a wand of iceblast (19)
 Y - a wand of acid (8)
Scrolls
 d - 2 scrolls of magic mapping
 e - 8 scrolls of fear
 f - 8 scrolls of blinking
 k - a scroll of vulnerability
 l - 8 scrolls of enchant armour
 v - 16 scrolls of identify
 z - 15 scrolls of teleportation
 A - a scroll of silence
 D - 3 scrolls of fog
 S - 2 scrolls of butterflies
 W - 7 scrolls of immolation
 X - 5 scrolls of amnesia
Potions
 b - a potion of magic
 n - 6 potions of brilliance
 q - 8 potions of mutation
 s - 3 potions of flight
 u - 7 potions of ambrosia
 x - 3 potions of cancellation
 C - 5 potions of might
 F - 8 potions of haste
 I - a potion of resistance
 M - 22 potions of curing
 P - 6 potions of heal wounds
 V - 4 potions of lignification
 Z - 3 potions of invisibility
Miscellaneous
 m - a phantom mirror
 K - a lightning rod (2/4)
 T - a box of beasts


   Skills:
 + Level 11.3 Fighting
 + Level 14.5 Dodging
 - Level 3.0 Stealth
 + Level 12.2 Spellcasting
 - Level 14.0 Conjurations
 - Level 6.7 Hexes
 - Level 8.0 Necromancy
 - Level 5.1 Translocations
 - Level 2.0 Ice Magic
 - Level 2.0 Air Magic
 - Level 17.0 Earth Magic
 - Level 9.0 Evocations


You had 11 spell levels left.
You knew the following spells:

 Your Spells              Type           Power      Damage    Failure   Level
a - Magic Dart            Conj           100%       1d8       0%          1
b - Searing Ray           Conj           100%       2d8       0%          2
c - Fulminant Prism       Conj/Hex       58%        3d24      1%          4
d - Iskenderun's Mystic   Conj/Tloc      100%       2d19      1%          4
e - Borgnjor's Vile Clut  Necr/Erth      51%        N/A       1%          5
f - Mephitic Cloud        Conj/Pois/Air  91%        N/A       1%          3
g - Freezing Cloud        Conj/Ice/Air   47%        6-21      1%          5
h - Iron Shot             Conj/Erth      68%        9d13      1%          6

Your spell library contained the following spells:

 Spells                   Type           Power      Damage    Failure   Level
 Shatter                  Erth           58%        3d44*     45%         9
 Ignition                 Fire           15%        3d6       100%        8
 Fire Storm               Conj/Fire      50%        8d13      100%        9
 Stone Arrow              Conj/Erth      100%       3d13      0%          3
 Necrotise                Necr           100%       1d9       1%          1
 Poisonous Vapours        Pois/Air       82%        N/A       1%          2
 Dazzling Flash           Conj/Hex       100%       N/A       1%          3
 Hailstorm                Conj/Ice       100%       3d20      1%          3
 Inner Flame              Hex/Fire       60%        N/A       1%          3
 Portal Projectile        Hex/Tloc       100%       N/A       1%          3
 Tukima's Dance           Hex            79%        N/A       1%          3
 Vampiric Draining        Necr           85%        2d12      1%          3
 Animate Armour           Summ/Erth      100%       N/A       1%          4
 Animate Dead             Necr           85%        N/A       1%          4
 Leda's Liquefaction      Hex/Erth       50%        N/A       1%          4
 Beastly Appendage        Tmut           62%        N/A       2%          1
 Agony                    Necr           85%        N/A       2%          5
 Wereblood                Tmut           31%        N/A       3%          2
 Yara's Violent Unravell  Hex/Tmut       30%        3d13      4%          5
 Call Canine Familiar     Summ           31%        N/A       6%          3
 Spider Form              Tmut/Pois      31%        N/A       6%          3
 Lehudib's Crystal Spear  Conj/Erth      68%        10d15     7%          8
 Death Channel            Necr           42%        N/A       12%         6
 Ice Form                 Ice/Tmut       41%        N/A       14%         4
 Summon Mana Viper        Hex/Summ       60%        N/A       14%         5
 Summon Forest            Summ/Tloc      27%        N/A       21%         5
 Simulacrum               Ice/Necr       35%        N/A       38%         6
 Blade Hands              Tmut           15%        N/A       52%         5
 Enfeeble                 Hex            39%        N/A       75%         7
 Ozocubu's Refrigeration  Ice            25%        4d13      86%         7
 Summon Cactus Giant      Summ           15%        N/A       97%         6
 Borgnjor's Revivificati  Necr           42%        N/A       99%         8
 Necromutation            Tmut/Necr      32%        N/A       100%        8
 Death's Door             Necr           42%        N/A       100%        9
 Polar Vortex             Ice            25%        N/A       100%        9


Dungeon Overview and Level Annotations

Branches:
Dungeon (15/15)            Temple (1/1) D:5            Lair (5/5) D:8
 Shoals (4/4) Lair:3       Spider (4/4) Lair:2        Slime (0/5) Lair:4
    Orc (2/2) D:10            Elf (0/3) Orc:2        Vaults (0/5) D:13
 Depths (0/4) D:15          IceCv (visited)         Gauntlet (visited)

Altars:
Ashenzari
Cheibriados
Dithmenos
Elyvilon
Fedhas
Gozag
Hepliaklqana
Kikubaaqudgha
Nemelex Xobeh
Okawaru
Qazlal
Ru
Sif Muna
Trog
Uskayaw
Vehumet
Wu Jian
Xom
Yredelemnul
Zin
The Shining One
Jiyva

Shops:
D:3 ?   D:7 [?(   D:12 !   D:15 (   Orc:1 (   Orc:2 *[=(

Annotations:
D:2 1 runed translucent door, Crazy Yiuf
D:11 exclusion: 2 doors
Temple 2 transporters
Shoals:3 Nikola


Innate Abilities, Weirdness & Mutations

You are very small and have problems with some larger weapons.
You are too small for most types of armour.
You have supernaturally acute eyesight. (SInv)
You cover ground extremely quickly. (Speed+++)


Message History

Confirm with . or Enter, or press ? or * to list all spells.
Aiming: Freezing Cloud (dangerous; 1% risk of failure)
Press: ? - help, Dir - move target, f - pharaoh ant, p - steelbarb worm
Aim: a pharaoh ant
Okay, then.
Casting: Freezing Cloud (dangerous; 1% risk of failure)
Confirm with . or Enter, or press ? or * to list all spells.
You feel a strong surge of power!
You erupt in a blast of force!
The mystic blast hits the orb spider!
The orb spider is severely wounded.
The orb spider is knocked back by the mystic blast.
The mystic blast hits the radroach!!
The radroach is severely wounded.
The radroach is knocked back by the mystic blast.
The mystic blast hits the pharaoh ant!!
The pharaoh ant is severely damaged.
The pharaoh ant is knocked back by the mystic blast.
The mystic blast hits the redback!
The redback is heavily wounded.
The redback is knocked back by the mystic blast.
The mystic blast hits the redback!
The redback is moderately wounded.
The redback is knocked back by the mystic blast.
The mystic blast hits the steelbarb worm!!
You kill the steelbarb worm!
Vehumet accepts your kill.
You feel your power returning.
The mystic blast hits the wolf spider!!
You kill the wolf spider!
Vehumet accepts your kill.
You feel your power returning.
You hear a faint skittering sound.
The moth of wrath is engulfed in freezing vapours.
The moth of wrath goads the wolf spider on!
The wolf spider goes berserk!
The orb of destruction hits you!!!
Ouch! That really hurt!
You take 63 damage, and have 33/96 hp.
MASSIVE DAMAGE!!
You regained 5 mp, and now have 26/35 mp.
The orb of destruction hits you!!!
Ouch! That really hurt!
You die...

.....†................^.
#....†.........B.B...^..
..........s.^.s........
......s..§§§s........^
.......†.§§§§y§.......
..........§§§§§.......
#..........○§§§s...$.
..B..°○†.......
.......@..†....
...............
..s..†.........
...............
...............
..s............
...............
(..............


You could see a radroach, 3 wolf spiders, a moth of wrath, 2 orb spiders, a
pharaoh ant, a death scarab (wandering) and 2 redbacks.

Vanquished Creatures
  Saint Roka (Orc:2)
  Arachne (Spider:2)
  Frances (Spider:2)
  3 krakens (Shoals:1)
  Donald (Shoals:1)
  Kirke (Lair:4)
  A storm dragon (Shoals:4)
  2 frost giants (IceCv)
  A ghost moth (Spider:3)
  An orc warlord (Orc:2)
  A stone giant (D:15)
  Nessos (D:14)
  A white draconian (IceCv)
  A minotaur (Gauntlet)
  2 merfolk javelineers (Shoals:4)
  Josephine (D:11)
  3 entropy weavers
  A rakshasa (D:15)
  10 merfolk impalers
  9 hydras
  An ogre mage (D:15)
  Erica (D:8)
  4 ironbound frosthearts (IceCv)
  2 ice dragons
  8 vault guards (D:13)
  3 alligator snapping turtles
  Erolcha (Orc:2)
  Fannar (Lair:1)
  4 catoblepae
  2 merfolk avatars
  5 radroaches
  2 alligators (Shoals:2)
  8 centaur warriors
  2 satyrs
  A hell beast (Gauntlet)
  7 merfolk aquamancers
  5 two-headed ogres
  3 boulder beetles
  6 death yaks (Lair:5)
  6 tengu warriors
  4 orc high priests (Orc:2)
  A sun demon (Shoals:3)
  10 pharaoh ants
  Amaemon (D:8)
  A sun moth (Spider:3)
  3 goliath frogs (Shoals:2)
  10 sea snakes
  6 skysharks
  3 lindwurms
  7 orb spiders
  A lindwurm (shapeshifter) (D:15)
  4 steelbarb worms
  2 orange crystal statues
  A deep elf archer (D:12)
  3 harpies (Shoals:2)
  15 wolf spiders
  2 deep elf pyromancers
  9 cyclopes
  8 fauns
  5 orc knights
  5 orc sorcerers
  12 manticores
  14 ugly things
  4 moths of wrath
  7 merfolk sirens
  A worldbinder (Gauntlet)
  4 black mambas (Lair:2)
  An orange demon (D:8)
  15 cane toads
  12 water nymphs
  11 torpor snails
  9 demonic crawlers
  6 elephants
  2 unseen horrors
  Maggie (D:7)
  23 rime drakes
  6 komodo dragons
  A yaktaur (D:15)
  A yaktaur (shapeshifter) (D:15)
  A komodo dragon (shapeshifter) (D:14)
  A tengu conjurer (D:14)
  23 merfolk
  2 trolls
  13 wind drakes
  17 polar bears
  14 tarantellas
  2 queen bees
  3 tyrant leeches (Lair:5)
  20 blink frogs
  6 hornets (Lair:5)
  18 dream sheep
  10 snapping turtles
  6 air elementals (Shoals:4)
  14 slime creatures
  Sigmund (D:3)
  7 culicivoras
  73 yaks
  19 jumping spiders
  A spriggan (Lair:3)
  A centaur simulacrum (D:14)
  7 wraiths
  21 water elementals
  A vampire (D:11)
  3 wyverns
  2 basilisks (Lair:2)
  3 hogs (Lair:4)
  51 redbacks
  4 vampire mosquitoes
  A steam dragon (D:6)
  A warg (D:10)
  Menkaure (D:5)
  34 water moccasins
  A hell hound (Gauntlet)
  41 orc warriors
  2 sky beasts (D:8)
  An ice beast (D:5)
  3 black bears
  A centaur (D:9)
  4 ogres
  3 boggarts (Gauntlet)
  13 wolves
  A gnoll sergeant (D:7)
  11 bullfrogs
  6 scorpions
  7 wights
  24 killer bees
  3 electric eels
  2 howler monkeys
  3 hounds
  2 jellies
  24 orc priests
  A sleepcap (D:8)
  Ijyb (D:5)
  A gnoll bouda (D:7)
  5 iguanas
  21 orc wizards
  6 hell rats (Lair:2)
  Robin (D:5)
  23 adders
  12 gnolls
  3 white imps (D:7)
  3 ufetubi
  A worm (D:3)
  3 dart slugs
  86 orcs
  5 ball pythons
  10 endoplasms
  4 giant cockroaches
  5 goblins
  16 hobgoblins
  3 jackals (D:1)
  5 quokkas
  7 bats
  4 frilled lizards
  3 kobolds
  4 rats
  8 tentacles (Shoals:1)
1120 creatures vanquished.

Vanquished Creatures (others)
  An adder (Lair:3)
  A bush (Lair:1)
  5 demonic plants (D:2)
  110 fulminant prisms
  92 fungi
  164 plants
  4 tentacles (Shoals:1)
  6 toadstools (D:7)
383 creatures vanquished.

Grand Total: 1503 creatures vanquished

Notes
Turn   | Place    | Note
-------+----------+-------------------------------------------
     0 | D:1      | jasper the Spriggan Conjurer began the quest for the Orb.
     0 | D:1      | Reached XP level 1. HP: 9/9 MP: 5/5
   412 | D:1      | Reached XP level 2. HP: 14/14 MP: 1/7
   415 | D:1      | Learned a level 2 spell: Searing Ray
  1364 | D:2      | Reached skill level 1 in Fighting
  1397 | D:2      | Reached XP level 3. HP: 18/18 MP: 5/8
  1532 | D:2      | Reached XP level 4. HP: 22/22 MP: 1/10
  1537 | D:2      | Learned a level 4 spell: Fulminant Prism
  1682 | D:2      | Found a runed translucent door.
  1683 | D:2      | Noticed Crazy Yiuf
  1852 | D:2      | Found a faded altar of an unknown god.
  2256 | D:3      | Noticed Sigmund
  2277 | D:3      | Killed Sigmund
  2278 | D:3      | Reached XP level 5. HP: 26/26 MP: 12/12
  2278 | D:3      | Reached XP level 6. HP: 30/30 MP: 13/13
  2297 | D:3      | Learned a level 4 spell: Iskenderun's Mystic Blast
  2591 | D:3      | Found a shadowy altar of Dithmenos.
  2591 | D:3      | Found a white marble altar of Elyvilon.
  2741 | D:3      | Found Ular's Magic Scroll Emporium.
  2748 | D:3      | Bought a scroll of fear for 44 gold pieces
  3342 | D:4      | Identified the scarf "Qeboweq" {repulsion, Harm}
  3490 | D:5      | Entered Level 5 of the Dungeon
  3525 | D:5      | Noticed a water moccasin
  3534 | D:5      | Killed a water moccasin
  3535 | D:5      | Reached XP level 7. HP: 35/35 MP: 6/14
  3566 | D:5      | Reached skill level 5 in Hexes
  3672 | D:5      | Noticed Ijyb
  3673 | D:5      | Noticed Robin
  3681 | D:5      | Killed Robin
  3686 | D:5      | Killed Ijyb
  3689 | D:5      | Reached skill level 5 in Conjurations
  4047 | D:5      | Reached XP level 8. HP: 40/40 MP: 10/15
  4357 | D:5      | Found a staircase to the Ecumenical Temple.
  4421 | Temple   | Entered the Ecumenical Temple
  4421 | Temple   | Found a transporter.
  4421 | Temple   | Found a transporter.
  4423 | Temple   | Found a transporter.
  4423 | Temple   | Found a transporter.
  4442 | Temple   | Became a worshipper of Vehumet
  4476 | D:5      | Noticed Menkaure
  4483 | D:5      | Killed Menkaure
  4876 | D:6      | Reached skill level 1 in Translocations
  4919 | D:6      | Identified a scroll of acquirement
  4919 | D:6      | Acquired the scarf of the Gloaming {+Inv, rC- rN++ Str+2
                  | Slay+3}
  6021 | D:7      | Noticed Maggie
  6063 | D:7      | Found Oceruirau's Armour Shop.
  6065 | D:7      | Found Ribiytatu's Magic Scroll Shop.
  6077 | D:7      | Bought a scroll of teleportation for 42 gold pieces
  6077 | D:7      | Bought a scroll of teleportation for 42 gold pieces
  6077 | D:7      | Bought a scroll of fog for 56 gold pieces
  6081 | D:7      | Identified the +2 robe "Qutiari" {Drain rPois Dex+4 Stlth+}
  6208 | D:7      | Reached * piety under Vehumet
  6208 | D:7      | Offered knowledge of Freeze by Vehumet.
  6224 | D:7      | Found Badgh's Weapon Boutique.
  6232 | D:7      | Bought 2 curare-tipped darts for 31 gold pieces
  6257 | D:7      | Reached skill level 5 in Translocations
  6257 | D:7      | Reached XP level 9. HP: 38/45 MP: 7/16
  6320 | D:7      | Learned a level 5 spell: Borgnjor's Vile Clutch
  6364 | D:7      | Reached skill level 1 in Evocations
  6591 | D:7      | Killed Maggie
  6612 | D:7      | Reached skill level 5 in Evocations
  6920 | D:8      | Reached skill level 5 in Fighting
  6973 | D:8      | Noticed Amaemon
  6975 | D:8      | Noticed an orange demon
  7016 | D:8      | Killed Amaemon
  7119 | D:8      | Killed an orange demon
  7120 | D:8      | Reached XP level 10. HP: 43/53 MP: 7/17
  7284 | D:8      | Found a staircase to the Lair.
  7298 | D:8      | Reached skill level 1 in Necromancy
  7298 | D:8      | Reached skill level 1 in Earth Magic
  7313 | D:8      | Noticed Erica
  7330 | D:9      | Reached ** piety under Vehumet
  7331 | D:9      | Reached skill level 2 in Earth Magic
  7332 | D:9      | Offered knowledge of Foxfire by Vehumet.
  7338 | D:9      | Reached skill level 3 in Earth Magic
  7552 | D:9      | Acquired 814 gold pieces
  7638 | D:9      | Reached skill level 4 in Earth Magic
  7743 | D:10     | Entered Level 10 of the Dungeon
  8336 | D:3      | Bought a scroll of acquirement for 572 gold pieces
  8336 | D:3      | Acquired the +8 eveningstar of the Last Ships {holy, rC+}
  8339 | D:3      | Bought a scroll of fog for 44 gold pieces
  8339 | D:3      | Bought a scroll of teleportation for 33 gold pieces
  8339 | D:3      | Bought a scroll of enchant armour for 82 gold pieces
  8339 | D:3      | Bought a scroll of butterflies for 44 gold pieces
  8529 | D:10     | Found a shimmering blue altar of Sif Muna.
  8890 | D:10     | Found a staircase to the Orcish Mines.
  8952 | D:10     | Offered knowledge of Momentum Strike by Vehumet.
  9337 | D:11     | Noticed Josephine
  9347 | D:11     | Reached skill level 5 in Necromancy
  9347 | D:11     | Reached skill level 5 in Earth Magic
  9347 | D:11     | Reached XP level 11. HP: 58/58 MP: 11/18
  9348 | D:11     | Killed Josephine
  9931 | D:8      | Reached skill level 6 in Earth Magic
  9935 | D:8      | Reached *** piety under Vehumet
  9985 | D:8      | Killed Erica
 10503 | Lair:1   | Entered Level 1 of the Lair of Beasts
 10512 | Lair:1   | Offered knowledge of Frozen Ramparts by Vehumet.
 10514 | Lair:1   | Reached skill level 7 in Earth Magic
 10608 | Lair:1   | Noticed Fannar
 10818 | Lair:1   | Noticed a lindwurm
 10895 | Lair:2   | HP: 3/60 [hell rat (16)]
 10895 | Lair:2   | Reached **** piety under Vehumet
 10935 | Lair:2   | Found a hole to the Spider Nest.
 11119 | Lair:2   | Noticed a boulder beetle
 11139 | Lair:2   | Killed a boulder beetle
 11140 | Lair:2   | Reached skill level 5 in Dodging
 11140 | Lair:2   | Reached XP level 12. HP: 64/64 MP: 14/20
 11160 | Lair:2   | Reached skill level 5 in Spellcasting
 11536 | Lair:2   | Offered knowledge of Flame Wave by Vehumet.
 11643 | Lair:2   | Noticed a four-headed hydra
 11656 | Lair:2   | Killed a four-headed hydra
 11879 | Lair:2   | Noticed a four-headed hydra
 11905 | Lair:2   | Killed a four-headed hydra
 12095 | Lair:2   | Identified the +0 pair of boots of Harph {Dex+7}
 12525 | Lair:1   | Found a stormy altar of Qazlal.
 12536 | Lair:1   | Killed Fannar
 12582 | Lair:1   | Identified the staff of conjuration "Woafutes" {Dex+5}
 12667 | Lair:1   | Reached skill level 10 in Dodging
 13465 | Lair:3   | Reached ***** piety under Vehumet
 13473 | Lair:3   | Offered knowledge of Iskenderun's Battlesphere by Vehumet.
 13524 | Lair:3   | Reached XP level 13. HP: 70/70 MP: 5/25
 14209 | Lair:3   | Reached skill level 8 in Earth Magic
 14470 | Lair:3   | Found a staircase to the Shoals.
 14885 | Lair:4   | Noticed Kirke
 14891 | Lair:4   | Noticed a sphinx
 14929 | Lair:4   | Killed Kirke
 15046 | Lair:4   | Reached skill level 10 in Fighting
 15375 | Lair:4   | Offered knowledge of Sticky Flame by Vehumet.
 15592 | Lair:4   | Learned a level 3 spell: Mephitic Cloud
 15598 | Lair:4   | Learned a level 5 spell: Freezing Cloud
 15608 | Lair:4   | Found a staircase to the Slime Pits.
 15608 | Lair:4   | Found a viscous altar of Jiyva.
 16061 | Orc:1    | Entered Level 1 of the Orcish Mines
 16455 | Orc:2    | Entered Level 2 of the Orcish Mines
 16468 | Orc:2    | Reached skill level 10 in Spellcasting
 16575 | Orc:2    | Reached skill level 1 in Air Magic
 16581 | Orc:2    | Reached skill level 1 in Ice Magic
 16747 | Orc:2    | Noticed Saint Roka
 17081 | Orc:2    | Noticed an orc warlord
 17081 | Orc:2    | Noticed Erolcha
 17093 | Orc:2    | Reached XP level 14. HP: 37/77 MP: 24/29
 17112 | Orc:2    | Offered knowledge of Iron Shot by Vehumet.
 17314 | Orc:2    | Learned a level 6 spell: Iron Shot
 17480 | Orc:2    | Killed Saint Roka
 17674 | Orc:2    | Killed an orc warlord
 17931 | Orc:2    | Killed Erolcha
 18004 | Orc:2    | Reached skill level 9 in Earth Magic
 18105 | Orc:2    | Found a staircase to the Elven Halls.
 18409 | Orc:2    | Found Jakhluugh's General Store.
 18410 | Orc:2    | Found Gemnyske's Jewellery Emporium.
 18412 | Orc:2    | Found Qigryqo's Antique Armour Emporium.
 18412 | Orc:2    | Found Rimm's Antique Weapon Shoppe.
 18419 | Orc:2    | Bought the ring of Prescription {rF- rC++ rN+ Int+2} for
                  | 625 gold pieces
 18426 | Orc:2    | Bought a +6 ring of intelligence for 540 gold pieces
 18665 | Orc:1    | Found Biell's Antique Weapon Shop.
 18940 | Lair:5   | Entered Level 5 of the Lair of Beasts
 18940 | Lair:5   | Found a gate leading to a gauntlet.
 18944 | Gauntlet | Entered a Gauntlet
 18944 | Gauntlet | Found a transporter.
 18953 | Gauntlet | Found a transporter.
 18956 | Gauntlet | Found a transporter.
 18957 | Gauntlet | Found a transporter.
 18968 | Gauntlet | Found a transporter.
 18969 | Gauntlet | Found a transporter.
 18973 | Gauntlet | Found a transporter.
 18977 | Gauntlet | Found a transporter.
 19086 | Gauntlet | Found a transporter.
 19091 | Gauntlet | Found a transporter.
 19107 | Gauntlet | Found a transporter.
 19107 | Gauntlet | Found a transporter.
 19109 | Gauntlet | Found a transporter.
 19134 | Gauntlet | Found a transporter.
 19468 | Gauntlet | Identified the staff of conjuration "Dyepleif" {rN+}
 19789 | D:7      | Bought a scarf of resistance for 480 gold pieces
 20106 | Lair:5   | Offered knowledge of Spellforged Servitor by Vehumet.
 20246 | Lair:5   | Reached skill level 10 in Earth Magic
 20652 | Lair:5   | Reached XP level 15. HP: 77/81 MP: 19/30
 20875 | Lair:5   | Found a runed translucent door.
 20886 | Lair:5   | Reached skill level 11 in Earth Magic
 21578 | D:12     | Found Feydao's Distillery.
 21586 | D:12     | Bought a potion of curing for 36 gold pieces
 21586 | D:12     | Bought a potion of curing for 36 gold pieces
 21586 | D:12     | Bought 2 potions of curing for 72 gold pieces
 21586 | D:12     | Bought a potion of curing for 36 gold pieces
 21586 | D:12     | Bought a potion of heal wounds for 60 gold pieces
 21586 | D:12     | Bought a potion of heal wounds for 60 gold pieces
 21586 | D:12     | Bought a potion of haste for 120 gold pieces
 21735 | D:12     | Offered knowledge of Starburst by Vehumet.
 21868 | D:12     | Got the Volume of the Switch
 22400 | D:13     | Found the +3 greatsling "Punk" {acid, rCorr}
 22663 | D:13     | Found a gate to the Vaults.
 22670 | D:13     | Reached skill level 10 in Conjurations
 22670 | D:13     | Reached skill level 12 in Earth Magic
 23033 | D:14     | Noticed Nessos
 23037 | D:14     | Killed Nessos
 23371 | D:14     | Found a sacrificial altar of Ru.
 23529 | D:15     | Entered Level 15 of the Dungeon
 23767 | D:15     | Reached skill level 13 in Earth Magic
 24130 | D:15     | Reached XP level 16. HP: 86/86 MP: 24/31
 24291 | D:15     | Found a staircase to the Depths.
 24411 | D:15     | Found Kelisok's Weapon Shop.
 25271 | Shoals:1 | Entered Level 1 of the Shoals
 25277 | Shoals:1 | Offered knowledge of Lee's Rapid Deconstruction by Vehumet.
 25780 | Shoals:1 | Noticed Donald
 25789 | Shoals:1 | Killed Donald
 26070 | Shoals:1 | Noticed a kraken
 26076 | Shoals:1 | Killed a kraken
 26145 | Shoals:1 | Noticed a kraken
 26153 | Shoals:1 | Killed a kraken
 26154 | Shoals:1 | Reached skill level 14 in Earth Magic
 26361 | Shoals:1 | Reached ****** piety under Vehumet
 26371 | Shoals:1 | Noticed a kraken
 26380 | Shoals:1 | Killed a kraken
 27583 | Shoals:3 | Noticed Nikola
 28008 | Shoals:2 | Identified the +5 shortbow of Nuxziamm {heavy, Fly rElec
                  | Dex+4}
 28227 | Shoals:3 | Found a frozen archway.
 28237 | Shoals:3 | Reached skill level 15 in Earth Magic
 28289 | IceCv    | Entered an ice cave
 28503 | IceCv    | Offered knowledge of Maxwell's Capacitive Coupling by
                  | Vehumet.
 28714 | IceCv    | Reached XP level 17. HP: 90/90 MP: 27/32
 29250 | IceCv    | Found the +3 pair of gauntlets of War {Slay+5}
 30190 | Shoals:4 | Entered Level 4 of the Shoals
 30214 | Shoals:4 | Paralysed by an air elemental for 1 turns
 30828 | Shoals:4 | Reached skill level 16 in Earth Magic
 30846 | Shoals:4 | Offered knowledge of Fire Storm by Vehumet.
 30846 | Shoals:4 | Offered knowledge of Shatter by Vehumet.
 30846 | Shoals:4 | Offered knowledge of Ignition by Vehumet.
 31136 | Shoals:4 | Got a barnacled rune of Zot
 31313 | Shoals:4 | Found a stormy altar of Qazlal.
 31400 | Shoals:4 | Found a blossoming altar of Fedhas.
 31409 | Shoals:4 | Identified the +2 robe of Duck's Teeth {-Tele rN++ Regen+
                  | rCorr}
 31706 | Shoals:4 | Paralysed by an air elemental for 1 turns
 32195 | Orc:2    | Bought the ring "Onkol" {rPois Int+2 SInv} for 531 gold
                  | pieces
 32446 | Spider:1 | Entered Level 1 of the Spider Nest
 33616 | Spider:2 | Reached skill level 17 in Earth Magic
 33834 | Spider:2 | Noticed Frances
 33842 | Spider:2 | Killed Frances
 33843 | Spider:2 | Reached XP level 18. HP: 91/95 MP: 24/33
 34284 | Spider:2 | Noticed Arachne
 34292 | Spider:2 | Killed Arachne
 36952 | Spider:4 | Entered Level 4 of the Spider Nest
 37041 | Spider:4 | Blown up by an orb spider

Illustrated notes

Levels and vault maps discovered:
D:1:      sevenhm_arrival_forest_fort_large_2, layout_rooms, st_stairs_6,
          roderic_roman_lattice, amethyst_killhole, kennysheep_small_spiral
D:2:      layout_basic, chequers_ecumenical_altar_grove,
          dreamdust_princess_corridor, st_stairs_9, uniq_crazy_yiuf_cottage
D:3:      layout_basic, grunt_temple_overflow_open, serial_shops, shop,
          uniq_sigmund
D:4:      layout_basic
D:5:      layout_loops_corners, minmay_temple_entry_enclosed_plants,
          nicolae_goblin_pals, uniq_menkaure
D:6:      layout_basic, item_on_display_a
D:7:      layout_rooms, serial_shops, shop, shop, shop,
          minmay_gold_behind_fungi, grunt_decor_cap, uniq_maggie
D:8:      layout_rooms, due_lair_maze_entry_diamond,
          minmay_misc_feat_four_crosses, water_boxes_lemuel, uniq_amaemon,
          uniq_erica
D:9:      layout_rooms
D:10:     layout_loops_ring, mainiacjoe_overflow_boulevard, david_orc_1_choice,
          minmay_misc_feat_five
D:11:     layout_roguey, uniq_josephine
D:12:     minmay_cut_squares, layout_irregular_city, serial_shops,
          nicolae_shop_industrial_runoff
D:13:     layout_rooms, erik_vaults_2, minmay_microvault
D:14:     layout_gridville, nicolae_ru_path_of_blood, uniq_nessos
D:15:     grunt_enter_depths_snipers, layout_loops_corners, serial_shops, shop,
          st_stairs_3
Temple:   hellmonk_temple_divided_pantheon
Lair:1:   layout_hall_layers, special_room [special_room_bee],
          nicolae_volcano_entry_vermiform, basic_altar, uniq_fannar
Lair:2:   layout_regular_city, dummy_spider_entry, minmay_shattered_shrine
Lair:3:   lemuel_reptile_caves, layout_regular_city, elwin_shoals_entry_rocks,
          grunt_forest_stairs_clearing, infiniplex_staircase_pool_2
Lair:4:   layout_roguey, nicolae_slime_entry_slimehenge, beast_lair_carwin_10,
          grunt_megastairs_5, uniq_kirke
Lair:5:   wormcave, layout_cave_pods, gauntlet_entry_generic
Shoals:1: nicolae_shoals_lighthouse, layout_shoals,
          nicolae_shoals_nymph_descending_staircase, uniq_donald
Shoals:2: layout_shoals, nicolae_shoals_goliath_grotto
Shoals:3: layout_shoals, portal_ice_cave_entry_pillars_three,
          nicolae_shoals_sun_and_surf, uniq_nikola
Shoals:4: shoals_end_hellmonk_storm_palace [storm_palace_center_square,
          storm_palace_corner_reverse_hut, storm_palace_corner_grid,
          storm_palace_corner_altar, storm_palace_corner_altar], serial_shops
Spider:1: layout_spider_delve
Spider:2: layout_spider_delve, hangedman_spider_tarantella_strand, uniq_arachne,
          uniq_frances
Spider:3: layout_chambers
Spider:4: spider_rune_water
Orc:1:    layout_caves, basic_altar, serial_shops,
          nicolae_shop_pleasant_corner_grove
Orc:2:    st_orc_congregation, layout_diamond_mine, uniq_erolcha,
          uniq_saint_roka

Skill      XL: |  1  2  3  4  5  6  7  8  9 10 11 12 13 14 15 16 17 18 |
---------------+-------------------------------------------------------+-----
Conjurations   | 3 4 5 6 9 11 12 14 | 14.0
Spellcasting   | 3 4 7 10 12 | 12.2
Fighting       | 1 2 3 4 6 8 9 10 11 | 11.3
Hexes          | 3 4 6 |  6.7
Translocations | 5 |  5.1
Evocations     | 9 |  9.0
Necromancy     | 5 7 8 |  8.0
Earth Magic    | 5 7 8 10 13 15 17 | 17.0
Dodging        | 5 10 12 13 14 | 14.5
Air Magic      | 2 |  2.0
Ice Magic      | 2 |  2.0
Stealth        | |  3.0

Action                     |  1- 3 |  4- 6 |  7- 9 | 10-12 | 13-15 | 16-18 || total
---------------------------+-------+-------+-------+-------+-------+-------++-------
  Melee: Unarmed           |       |     7 |       |       |       |       ||     7
         Short sword       |       |     3 |     6 |       |       |       ||     9
         Morningstar       |       |       |    10 |    16 |       |       ||    26
         Eveningstar       |       |       |       |    65 |       |       ||    65
         Punch             |       |       |       |     2 |       |       ||     2
         Staff             |       |       |       |     5 |    54 |    26 ||    85
   Cast: Magic Dart        |    71 |    74 |    55 |   109 |   369 |   122 ||   800
         Searing Ray       |     4 |    16 |    47 |    24 |     2 |       ||    93
         Fulminant Prism   |       |     2 |    29 |    54 |    22 |     3 ||   110
         Iskenderun's Myst |       |       |     1 |    48 |    31 |    82 ||   162
         Borgnjor's Vile C |       |       |       |    58 |   192 |   153 ||   403
         Freezing Cloud    |       |       |       |       |   127 |   253 ||   380
         Iron Shot         |       |       |       |       |    77 |   188 ||   265
         Mephitic Cloud    |       |       |       |       |     1 |       ||     1
  Evoke: Wand              |       |       |       |     5 |     8 |     3 ||    16
         Lightning rod     |       |       |       |     4 |     3 |    15 ||    22
    Use: Scroll            |     4 |     5 |     9 |    12 |     3 |     1 ||    34
         Potion            |       |     1 |     2 |     3 |       |       ||     6
   Stab: Sleeping          |       |       |       |     1 |       |       ||     1
 Armour: Robe              |     4 |     4 |    18 |    41 |    13 |    10 ||    90
  Dodge: Dodged            |     6 |    15 |    84 |   138 |   187 |   243 ||   673

Table legend: (Time is in decaauts)
 A = Elapsed time spent in this place.
 B = Non-inter-level travel time spent in this place.
 C = Inter-level travel time spent in this place.
 D = Time resting spent in this place.
 E = Time spent auto-exploring this place.
 F = Levels seen in this place.
 G = Mean time per level.
                   A        B        C        D        E       F      G
               +--------+--------+--------+--------+--------+-----+--------+
         Total |  28746 |  26526 |   2220 |   3113 |  18385 |  33 |  871.1 |
       Dungeon |  10561 |   9555 |   1006 |    675 |   7130 |  15 |  704.1 |
        Temple |     26 |     26 |      0 |      0 |      0 |   1 |   26.0 |
          Lair |   5865 |   5227 |    638 |    290 |   3759 |   5 | 1173.0 |
        Shoals |   4515 |   4335 |    180 |    715 |   2851 |   4 | 1128.8 |
   Spider Nest |   3626 |   3509 |    117 |    506 |   2519 |   4 |  906.5 |
  Orcish Mines |   2365 |   2088 |    277 |    274 |   1286 |   2 | 1182.5 |
      Ice Cave |   1120 |   1120 |      0 |    136 |    815 |   1 | 1120.0 |
      Gauntlet |    664 |    664 |      0 |    516 |     21 |   1 |  664.0 |
               +--------+--------+--------+--------+--------+-----+--------+

Top non-repeatable levels by time:
   Orc:2: 1973 daAuts
Shoals:4: 1489 daAuts
  Lair:3: 1454 daAuts
Spider:3: 1358 daAuts
Shoals:1: 1317 daAuts
  Lair:2: 1295 daAuts
  Lair:1: 1290 daAuts
Shoals:2: 1189 daAuts
Spider:1: 1160 daAuts
   IceCv: 1120 daAuts
    D:10: 1076 daAuts
Spider:2: 1075 daAuts
  Lair:5: 1067 daAuts
     D:1: 1044 daAuts
     D:8: 1027 daAuts
